 Dungeon Crawl Stone Soup version 0.32-a0-834-geaf45d8e21 (webtiles) character file.

Game seed: 8278338305919898882

202 Mesmaeker13 the Shooter (level 5, 0/39 HPs)
             Began as a Barachi Hunter on Mar 25, 2024.
             Killed by divine providence
             ... invoked by an orc priest
              (12 damage)
             ... on level 4 of the Dungeon.
             The game lasted 00:03:50 (2528 turns).

Mesmaeker13 the Shooter (Barachi Hunter)            Turns: 2528, Time: 00:03:50

Health: 0/39       AC:  5    Str: 12    XL:     5   Next: 80%
Magic:  5/5        EV: 18    Int: 10    God:
Gold:   255        SH:  0    Dex: 17    Spells: 4/4 levels left

rFire   . . .        d - +0 longbow
rCold   + . .        (shield currently unavailable)
rNeg    . . .        c - +0 leather armour
rPois   .            x - +0 helmet
rElec   .            n - +0 cloak
rCorr   .            (no gloves)
SInv    .            (no boots)
Will    .....        (no amulet)
Stlth   ++           p - +5 ring of evasion
HPRegen 0.26/turn    v - ring of protection from cold
MPRegen 0.09/turn

%: no passive effects
@: unable to hop, slow
A: amphibious, slowness 1, strong legs 1, +LOS
a: Hop, Convert to Beogh


You were on level 4 of the Dungeon.
You visited 1 branch of the dungeon, and saw 4 of its levels.

You collected 255 gold pieces.

Inventory:

Hand Weapons
 a - a +0 shortbow
 d - a +0 longbow (weapon)
 h - a +0 mace
 k - a +1 dagger of flaming
 q - a +2 dagger of venom
 y - a +0 eveningstar
Armour
 c - a +0 leather armour (worn)
 n - a +0 cloak (worn)
 x - a +0 helmet (worn)
Jewellery
 p - a +5 ring of evasion (left hand)
 v - a ring of protection from cold (right hand)
Scrolls
 b - a scroll of butterflies
 e - a scroll of vulnerability {unknown}
 g - a scroll of torment {unknown}
 l - 2 scrolls of fog {unknown}
 t - 2 scrolls of identify {unknown}
 w - a scroll of amnesia {unknown}
Potions
 f - a potion of ambrosia {unknown}
 i - 2 potions of haste {unknown}
 j - 2 potions of resistance {unknown}
 m - 3 potions of curing {unknown}
 o - a potion of might {unknown}
 r - a potion of attraction {unknown}
 s - 2 potions of mutation {unknown}
 u - a potion of degeneration {unknown}
 z - a potion of heal wounds {unknown}


   Skills:
 - Level 2.4 Fighting
 + Level 5.6 Ranged Weapons
 + Level 4.7 Dodging
 - Level 0.8 Stealth


You had 4 spell levels left.
You didn't know any spells.
Your spell library contained the following spells:

 Spells                   Type           Power      Damage    Failure   Level
 Freeze                   Ice            0%         1d3       43%         1
 Frozen Ramparts          Ice            0%         1d1       82%         3
 Hailstorm                Conj/Ice       0%         3d5       82%         3


Dungeon Overview and Level Annotations

Branches:
Dungeon (4/15)
 Temple: D:4-7

Altars:
Gozag
Nemelex Xobeh
Uskayaw
Vehumet

Annotations:
D:2 1 runed translucent door, Crazy Yiuf


Innate Abilities, Weirdness & Mutations

You are amphibious.
You cover ground slowly.
You can hop short distances.
You have an extended range of vision and can be seen from far away.


Message History

An orc comes into view.
It is wielding a +0 trident and wearing a +1 leather armour of cold resistance.
The orc shouts!
You shoot an arrow. The arrow hits the orc!
You kill the orc!
Things that are here:
a +0 dagger; a +0 leather armour; an orc corpse
Things that are here:
a +0 hand axe; a +0 scale mail; an orc corpse You shoot an arrow.
The arrow hits the orc.
The orc is heavily wounded.
You shoot an arrow. The arrow completely misses the orc.
The orc hits you from afar with a +0 trident.
You shoot an arrow. The arrow closely misses the orc.
The orc misses you.
You shoot an arrow. The arrow barely misses the orc.
The arrow hits the orc priest.
The orc priest is moderately wounded.
The orc priest invokes the aid of Beogh against you.
Beogh smites you! The orc barely misses you.
The orc priest casts a cantrip, but nothing happens.
The orc closely misses you.
The orc priest threatens, "Beogh's wrath is as vast as their mercy.
Make your choice!" (press Y on the ability menu to convert to Beogh) Hop to where?
Press: ? - help, Dir - move target, p - orc Boing!
You shoot an arrow. The arrow closely misses the orc.
You shoot an arrow. The arrow barely misses the orc.
The arrow barely misses the orc priest.
The orc priest mumbles some strange prayers to Beogh against you.
Beogh smites you!
You are too injured to fight recklessly!
Unknown command.
Fire: d) +0 longbow
Press: ? - help, Q - select action, (/) - cycle Shift-Dir - straight line, f/p - orc
Aim: an orc, wielding a +0 trident and wearing a +1 leather armour of cold resistance (heavily wounded, 60% to hit)
You shoot an arrow. The arrow closely misses the orc.
The arrow barely misses the orc priest.
The orc priest invokes the aid of Beogh against you.
Beogh smites you!
You die...

.....#.#.##......####
#...#.#.##......#
####...#.#.##......#
.......#...##......#
............#......####
............#####......
..........†.# ######.
.#####......###########
#@.........(.....#
#......#########.#
#......# #.# #......#
#.# #o.....# #.#
#)###### #.# # ...o #)#
#.. .. oo.# #o# ### #.
#..# #.#


You could see an orc priest and an orc.

Vanquished Creatures
  A hound (D:4)
  Jessica (D:2)
  7 adders
  A white imp (D:4)
  A dart slug (D:2)
  A ribbon worm (D:3)
  4 orcs (D:4)
  2 ball pythons
  6 endoplasms
  5 giant cockroaches
  4 goblins
  11 hobgoblins
  3 jackals (D:4)
  3 bats
  4 frilled lizards
  7 kobolds
  4 rats
65 creatures vanquished.

Notes
Turn   | Place    | Note
-------+----------+-------------------------------------------
     0 | D:1      | Mesmaeker13 the Barachi Hunter began the quest for the Orb.
     0 | D:1      | Reached XP level 1. HP: 17/17 MP: 1/1
   123 | D:1      | Reached XP level 2. HP: 21/23 MP: 2/2
   740 | D:2      | Reached XP level 3. HP: 28/28 MP: 3/3
   948 | D:2      | Found a runed translucent door.
   951 | D:2      | Noticed Crazy Yiuf
  1006 | D:2      | Found a faded altar of an unknown god.
  1124 | D:2      | Noticed Jessica
  1132 | D:2      | Killed Jessica
  1133 | D:2      | Reached XP level 4. HP: 16/34 MP: 4/4
  1585 | D:3      | Reached skill level 5 in Ranged Weapons
  1866 | D:3      | Found a hide-covered altar of Uskayaw.
  1866 | D:3      | Found a sparkling altar of Nemelex Xobeh.
  1866 | D:3      | Found an opulent altar of Gozag.
  1867 | D:3      | Found a radiant altar of Vehumet.
  2103 | D:3      | Reached XP level 5. HP: 39/39 MP: 5/5
  2528 | D:4      | Killed from afar by an orc priest

Illustrated notes

Levels and vault maps discovered:
D:1:      lightli_arrival_statue_moat, layout_basic
D:2:      layout_basic, hellmonk_ecumenical_altar_prayer_group,
          uniq_crazy_yiuf_cottage, uniq_jessica
D:3:      layout_basic, chequers_temple_overflow_statue_of_worship
D:4:      layout_basic, nrook_mini_backslash, uniq_eustachio, uniq_grinder

Skill      XL: |  1  2  3  4 |
---------------+-------------+-----
Dodging        | 3 4 |  4.7
Ranged Weapons | 5 |  5.6
Fighting       | |  2.4
Stealth        | |  0.8

Action                     |  1- 3 |  4- 6 || total
---------------------------+-------+-------++-------
   Fire: Longbow           |    61 |    98 ||   159
Ability: Hop               |     1 |     3 ||     4
 Armour: Leather armour    |     7 |    16 ||    23
  Dodge: Dodged            |    13 |    55 ||    68

Table legend: (Time is in decaauts)
 A = Elapsed time spent in this place.
 B = Non-inter-level travel time spent in this place.
 C = Inter-level travel time spent in this place.
 D = Time resting spent in this place.
 E = Time spent auto-exploring this place.
 F = Levels seen in this place.
 G = Mean time per level.
                   A        B        C        D        E       F      G
               +--------+--------+--------+--------+--------+-----+--------+
         Total |   3023 |   2914 |    109 |    126 |   2303 |   4 |  755.8 |
       Dungeon |   3023 |   2914 |    109 |    126 |   2303 |   4 |  755.8 |
               +--------+--------+--------+--------+--------+-----+--------+

Top non-repeatable levels by time:
     D:2: 1129 daAuts
     D:1: 733 daAuts
     D:3: 696 daAuts
     D:4: 464 daAuts
